 Dungeon Crawl Stone Soup version 0.23.2-1-ga50397a (webtiles) character file.

Game seed: 13343431791341009767

9403 esteth the Thaumaturge (level 11, -3/81 HPs)
             Began as a Gnoll Wizard on Apr 14, 2019.
             Was an Initiate of Ashenzari.
             Engulfed by a cloud of flame (22 damage)
             ... on level 1 of the Lair of Beasts.
             The game lasted 00:36:56 (11167 turns).

esteth the Thaumaturge (Gnoll Wizard)              Turns: 11167, Time: 00:36:57

Health: -3/81      AC: 11    Str:  9    XL:     11   Next: 46%
Magic:  3/33       EV: 17    Int: 24    God:    Ashenzari [......]
Gold:   530        SH:  9    Dex: 14    Spells: 15/29 levels left

rFire    . . .     SeeInvis .   x - +3 spear (pierce)
rCold    . . .     Gourm    .   M - +0 buckler
rNeg     . . .     Faith    .   I - +0 steam dragon scales
rPois    +         Spirit   .   b - +0 hat
rElec    .         Reflect  +   h - +2 cloak
rCorr    .         Harm     .   (no gloves)
MR       .....                  o - +1 pair of boots
Stlth    ++++......             p - +4 amulet of reflection
HPRegen  0.23/turn              j - ring of magical power (curse)
MPRegen  0.23/turn              y - ring of poison resistance (curse)

@: no status effects
A: distributed training, fangs 1, strong nose
a: Curse Item, Renounce Religion


You were on level 1 of the Lair of Beasts.
You worshipped Ashenzari.
Ashenzari was noncommittal.
You were hungry.

You visited 3 branches of the dungeon, and saw 13 of its levels.

You collected 602 gold pieces.
You spent 72 gold pieces at shops.

Inventory:

Hand Weapons
 x - a +3 spear of piercing (weapon)
 B - a +2 quarterstaff of protection
 C - a +4 battleaxe of flaming
 F - the +5 flail "Becsogom" {vamp, Dex+3}
   (You found it on level 8 of the Dungeon)

   It inflicts no extra harm, but heals its wielder when it wounds a living foe.
   It affects your dexterity (+3).
Armour
 a - a +1 robe
 b - a +0 hat (worn)
 f - a +0 cloak
 h - a +2 cloak (worn)
 o - a +1 pair of boots (worn)
 H - a +0 ring mail
 I - +0 steam dragon scales (worn)
 M - a +0 buckler (worn)
Magical Staves
 D - an uncursed staff of wizardry
Jewellery
 j - a cursed ring of magical power (left hand)
 l - an uncursed amulet of magic regeneration
 p - a +4 amulet of reflection (around neck)
 t - an uncursed ring of stealth
 y - a cursed ring of poison resistance (right hand)
Wands
 n - a wand of acid (6)
 r - a wand of iceblast (16)
 L - a wand of polymorph (5)
Scrolls
 c - 3 scrolls of fog
 i - 4 scrolls of identify
 m - 2 scrolls of amnesia
 w - 4 scrolls of teleportation
 E - 3 scrolls of magic mapping
Potions
 e - 3 potions of curing
 g - 3 potions of heal wounds
 k - 3 potions of agility
 q - 2 potions of berserk rage
 u - 2 potions of haste
 v - a potion of brilliance {unknown}
 z - 3 potions of resistance
 A - a potion of cancellation {unknown}
 G - a potion of might {unknown}
 J - a potion of ambrosia {unknown}
Comestibles
 d - 24 rations


   Skills:
 + Level 6.2 Fighting
 + Level 6.2 Short Blades
 + Level 6.2 Long Blades
 + Level 6.2 Axes
 + Level 6.2 Maces & Flails
 + Level 6.2 Polearms
 + Level 6.2 Staves
 + Level 6.2 Slings
 + Level 6.2 Bows
 + Level 6.2 Crossbows
 + Level 6.2 Throwing
 + Level 6.2 Armour
 + Level 7.8 Dodging
 + Level 7.5 Stealth
 + Level 6.2 Shields
 + Level 6.2 Unarmed Combat
 + Level 9.5 Spellcasting
 + Level 5.6 Conjurations
 + Level 5.1 Hexes
 + Level 5.1 Charms
 + Level 5.6 Summonings
 + Level 5.1 Necromancy
 + Level 5.6 Translocations
 + Level 5.1 Transmutations
 + Level 5.1 Fire Magic
 + Level 5.1 Ice Magic
 + Level 5.1 Air Magic
 + Level 5.1 Earth Magic
 + Level 5.1 Poison Magic
 + Level 6.8 Invocations
 + Level 6.2 Evocations


You had 15 spell levels left.
You knew the following spells:

 Your Spells              Type           Power        Failure   Level  Hunger
a - Magic Dart            Conj           ####         1%          1    None
b - Blink                 Tloc           N/A          1%          2    None
c - Call Imp              Summ           #####...     1%          2    None
d - Conjure Flame         Conj/Fire      #####...     1%          3    None
e - Mephitic Cloud        Conj/Pois/Air  #####...     1%          3    None
f - Confuse               Hex            #####...     1%          3    None

Your spell library contained the following spells:

 Spells                   Type           Power        Failure   Level  Hunger
 Animate Skeleton         Necr           N/A          1%          1    None
 Apportation              Tloc           #####.       1%          1    None
 Beastly Appendage        Tmut           #####.       1%          1    None
 Confusing Touch          Hex            #####.       1%          1    None
 Corona                   Hex            #####..      1%          1    None
 Summon Small Mammal      Summ           ####         1%          1    None
 Ensorcelled Hibernation  Hex/Ice        #####.       1%          2    None
 Slow                     Hex            #####...     1%          2    None
 Sticks to Snakes         Tmut           #####...     1%          2    None
 Dazzling Spray           Conj/Hex       #####.       1%          3    None
 Spider Form              Tmut/Pois      #####.....   1%          3    None
 Tukima's Dance           Hex            #####...     1%          3    None
 Ice Form                 Ice/Tmut       #####...     7%          4    ##.....
 Blade Hands              Tmut           #####.....   19%         5    ####...


Dungeon Overview and Level Annotations

Branches:
Dungeon (11/15)            Temple (1/1) D:5            Lair (1/6) D:9
    Orc: D:9-12

Altars:
Ashenzari
Cheibriados
Dithmenos
Elyvilon
Fedhas
Gozag
Hepliaklqana
Kikubaaqudgha
Makhleb
Nemelex Xobeh
Okawaru
Qazlal
Ru
Sif Muna
Trog
Uskayaw
Vehumet
Wu Jian
Xom
Yredelemnul
Zin
The Shining One

Shops:
D:8 ?   D:11 :

Annotations:
D:5 3 runed translucent doors, Tramtrist's ghost, novice DDFi


Innate Abilities, Weirdness & Mutations

Your experience applies equally to all skills.
You have very sharp teeth.
Your uncanny sense of smell can sniff out nearby items.


Message History

Confirm with . or Enter, or press ? or * to list all spells.
You blink.
Casting: Blink (safe; 1% risk of failure)
Confirm with . or Enter, or press ? or * to list all spells.
Aiming: Magic Dart (safe; 1% risk of failure)
Press: ? - help, Shift-Dir - straight line, f/p - eight-headed hydra
Aim: an eight-headed hydra (almost dead)
The magic dart hits the eight-headed hydra.
The eight-headed hydra is almost dead.
Casting: Magic Dart (safe; 1% risk of failure)
Confirm with . or Enter, or press ? or * to list all spells.
Aiming: Magic Dart (safe; 1% risk of failure)
Press: ? - help, Shift-Dir - straight line, f/p - eight-headed hydra
Aim: an eight-headed hydra (almost dead)
The magic dart hits the eight-headed hydra.
The eight-headed hydra is almost dead.
Casting: Magic Dart (safe; 1% risk of failure)
Confirm with . or Enter, or press ? or * to list all spells.
You blink.
You are engulfed in blazing flames.
You die...

### ##.## ###...###
####..<....###
#............#
##....§.....##
#.§D.@...####
####.##### #.# #.#
## #.########P##
###.#.........#
###.............#
##...............##
..
##...........÷.....#
#..


You could see an eight-headed hydra.

Vanquished Creatures
  Erica (D:10)
  Joseph (D:10)
  Maurice (D:8)
  A spiny frog (Lair:1)
  A troll (D:9)
  2 hippogriffs
  4 hogs (D:7)
  A human (D:7)
  A steam dragon (D:8)
  Grum (D:8)
  8 yaks
  A water moccasin (D:10)
  8 orc warriors
  2 sky beasts
  2 ice beasts
  A phantom (D:5)
  6 ogres
  A necrophage (D:7)
  2 centaurs
  An eye of draining (D:8)
  5 wolves
  A crocodile (Lair:1)
  9 bullfrogs
  2 wyvern zombies
  2 scorpions
  4 wights (D:8)
  11 howler monkeys
  An electric eel (D:9)
  A bullfrog zombie (D:9)
  A centaur zombie (D:5)
  2 bullfrog skeletons
  A quasit (D:6)
  2 crimson imps (D:9)
  3 orc priests
  10 hounds
  4 jellies
  12 orc wizards
  2 iguanas
  11 worker ants
  2 howler monkey skeletons
  7 gnolls
  12 adders
  2 shadow imps (D:8)
  2 adder zombies
  An adder skeleton (D:4)
  2 worms (D:2)
  3 dart slugs
  5 leopard geckos
  39 orcs
  8 bats
  9 giant cockroaches
  7 goblins
  6 hobgoblins
  6 jackals
  7 quokkas
  2 ball pythons
  4 frilled lizards
  A jackal skeleton (D:5)
  8 kobolds
  A quokka skeleton (D:8)
  6 rats
270 creatures vanquished.

Vanquished Creatures (collateral kills)
  An ogre (D:7)
  A necrophage (D:10)
  A wight (D:8)
  An orc (D:7)
4 creatures vanquished.

Vanquished Creatures (others)
  A human (D:8)
  A bullfrog zombie (D:9)
2 creatures vanquished.

Grand Total: 276 creatures vanquished

Notes
Turn   | Place    | Note
-------+----------+-------------------------------------------
     0 | D:1      | esteth the Gnoll Wizard began the quest for the Orb.
     0 | D:1      | Reached XP level 1. HP: 13/13 MP: 8/8
   165 | D:1      | Reached XP level 2. HP: 19/19 MP: 6/10
   549 | D:1      | Reached XP level 3. HP: 25/25 MP: 5/11
  1198 | D:2      | Reached skill level 1 in Invocations
  1312 | D:2      | Found a glowing silver altar of Zin.
  1326 | D:2      | Reached skill level 1 in Fighting
  1326 | D:2      | Reached skill level 1 in Short Blades
  1326 | D:2      | Reached skill level 1 in Long Blades
  1326 | D:2      | Reached skill level 1 in Axes
  1326 | D:2      | Reached skill level 1 in Maces & Flails
  1326 | D:2      | Reached skill level 1 in Polearms
  1326 | D:2      | Reached skill level 1 in Staves
  1326 | D:2      | Reached skill level 1 in Slings
  1326 | D:2      | Reached skill level 1 in Bows
  1326 | D:2      | Reached skill level 1 in Crossbows
  1326 | D:2      | Reached skill level 1 in Throwing
  1326 | D:2      | Reached skill level 1 in Armour
  1326 | D:2      | Reached skill level 1 in Shields
  1326 | D:2      | Reached skill level 1 in Unarmed Combat
  1326 | D:2      | Reached skill level 1 in Evocations
  1368 | D:2      | Reached XP level 4. HP: 32/32 MP: 3/13
  1441 | D:2      | Learned a level 2 spell: Blink
  1444 | D:2      | Learned a level 2 spell: Call Imp
  1448 | D:2      | Learned a level 3 spell: Conjure Flame
  1452 | D:2      | Learned a level 3 spell: Mephitic Cloud
  1713 | D:2      | Reached skill level 1 in Hexes
  1713 | D:2      | Reached skill level 1 in Charms
  1713 | D:2      | Reached skill level 1 in Necromancy
  1713 | D:2      | Reached skill level 1 in Transmutations
  1713 | D:2      | Reached skill level 1 in Fire Magic
  1713 | D:2      | Reached skill level 1 in Ice Magic
  1713 | D:2      | Reached skill level 1 in Air Magic
  1713 | D:2      | Reached skill level 1 in Earth Magic
  1713 | D:2      | Reached skill level 1 in Poison Magic
  1766 | D:2      | Found a faded altar of an unknown god.
  1896 | D:3      | Found a stormy altar of Qazlal.
  1936 | D:3      | Reached XP level 5. HP: 37/37 MP: 14/14
  2097 | D:3      | Learned a level 3 spell: Confuse
  2573 | D:4      | Noticed an ogre
  2605 | D:4      | Killed an ogre
  2605 | D:4      | Reached XP level 6. HP: 36/44 MP: 13/16
  2746 | D:4      | Reached skill level 5 in Dodging
  3453 | D:5      | Entered Level 5 of the Dungeon
  3503 | D:5      | Reached XP level 7. HP: 50/50 MP: 17/18
  3539 | D:5      | Found a runed translucent gate.
  3539 | D:5      | Found a runed translucent gate.
  3539 | D:5      | Found a runed translucent gate.
  3664 | D:5      | Noticed Tramtrist's ghost (novice DDFi)
  3717 | D:5      | Reached skill level 5 in Stealth
  3883 | D:5      | Found a staircase to the Ecumenical Temple.
  3902 | Temple   | Entered the Ecumenical Temple
  4084 | D:5      | Reached XP level 8. HP: 57/57 MP: 16/19
  4264 | D:5      | Found a blossoming altar of Fedhas.
  4933 | D:6      | Reached skill level 8 in Spellcasting
  5087 | D:6      | Found a shattered altar of Ashenzari.
  5097 | D:6      | Became a worshipper of Ashenzari the Shackled
  5575 | D:6      | Reached XP level 9. HP: 63/65 MP: 21/21
  6537 | D:7      | Reached skill level 5 in Invocations
  6934 | D:8      | Reached XP level 10. HP: 72/72 MP: 22/22
  7152 | D:8      | Found Fohoix's Magic Scroll Emporium.
  7252 | D:8      | Bought a scroll of remove curse for 36 gold pieces
  7252 | D:8      | Bought a scroll of remove curse for 36 gold pieces
  7469 | D:8      | Found an ancient bone altar of Kikubaaqudgha.
  7569 | D:8      | Noticed Maurice
  7589 | D:8      | Killed Maurice
  7589 | D:8      | Reached skill level 5 in Fighting
  7589 | D:8      | Reached skill level 5 in Short Blades
  7589 | D:8      | Reached skill level 5 in Long Blades
  7589 | D:8      | Reached skill level 5 in Axes
  7589 | D:8      | Reached skill level 5 in Maces & Flails
  7589 | D:8      | Reached skill level 5 in Polearms
  7589 | D:8      | Reached skill level 5 in Staves
  7589 | D:8      | Reached skill level 5 in Slings
  7589 | D:8      | Reached skill level 5 in Bows
  7589 | D:8      | Reached skill level 5 in Crossbows
  7589 | D:8      | Reached skill level 5 in Throwing
  7589 | D:8      | Reached skill level 5 in Armour
  7589 | D:8      | Reached skill level 5 in Shields
  7589 | D:8      | Reached skill level 5 in Unarmed Combat
  7589 | D:8      | Reached skill level 5 in Evocations
  7822 | D:8      | Noticed Grum
  7851 | D:8      | Killed Grum
  7851 | D:8      | Reached skill level 9 in Spellcasting
  8100 | D:8      | Got the flail "Becsogom" {vamp, Dex+3}
  8554 | D:9      | Reached skill level 5 in Conjurations
  8554 | D:9      | Reached skill level 5 in Summonings
  8554 | D:9      | Reached skill level 5 in Translocations
  9145 | D:9      | Reached XP level 11. HP: 50/80 MP: 8/24
  9286 | D:9      | Found a staircase to the Lair.
  9691 | D:10     | Entered Level 10 of the Dungeon
  9943 | D:10     | Noticed Erica
  9948 | D:10     | Noticed Joseph
 10059 | D:10     | Killed Joseph
 10059 | D:10     | Reached skill level 5 in Hexes
 10059 | D:10     | Reached skill level 5 in Charms
 10059 | D:10     | Reached skill level 5 in Necromancy
 10059 | D:10     | Reached skill level 5 in Transmutations
 10059 | D:10     | Reached skill level 5 in Fire Magic
 10059 | D:10     | Reached skill level 5 in Ice Magic
 10059 | D:10     | Reached skill level 5 in Air Magic
 10059 | D:10     | Reached skill level 5 in Earth Magic
 10059 | D:10     | Reached skill level 5 in Poison Magic
 10324 | D:10     | Killed Erica
 10654 | D:11     | Found Xoliuck's Book Boutique.
 10654 | D:11     | Noticed a brown ugly thing
 10833 | Lair:1   | Entered Level 1 of the Lair of Beasts
 11121 | Lair:1   | Noticed an eight-headed hydra
 11167 | Lair:1   | Engulfed by a cloud of flame

Skill      XL: |  1  2  3  4  5  6  7  8  9 10 11 |
---------------+----------------------------------+-----
Conjurations   | 2 3 4 5 |  5.6
Summonings     | 2 3 4 5 |  5.6
Translocations | 2 3 4 5 |  5.6
Invocations    | 1 2 3 4 5 6 |  6.8
Fighting       | 1 2 3 4 5 6 |  6.2
Short Blades   | 1 2 3 4 5 6 |  6.2
Long Blades    | 1 2 3 4 5 6 |  6.2
Axes           | 1 2 3 4 5 6 |  6.2
Maces & Flails | 1 2 3 4 5 6 |  6.2
Polearms       | 1 2 3 4 5 6 |  6.2
Staves         | 1 2 3 4 5 6 |  6.2
Slings         | 1 2 3 4 5 6 |  6.2
Bows           | 1 2 3 4 5 6 |  6.2
Crossbows      | 1 2 3 4 5 6 |  6.2
Throwing       | 1 2 3 4 5 6 |  6.2
Armour         | 1 2 3 4 5 6 |  6.2
Shields        | 1 2 3 4 5 6 |  6.2
Unarmed Combat | 1 2 3 4 5 6 |  6.2
Evocations     | 1 2 3 4 5 6 |  6.2
Hexes          | 1 2 3 4 5 |  5.1
Charms         | 1 2 3 4 5 |  5.1
Necromancy     | 1 2 3 4 5 |  5.1
Transmutations | 1 2 3 4 5 |  5.1
Fire Magic     | 1 2 3 4 5 |  5.1
Ice Magic      | 1 2 3 4 5 |  5.1
Air Magic      | 1 2 3 4 5 |  5.1
Earth Magic    | 1 2 3 4 5 |  5.1
Poison Magic   | 1 2 3 4 5 |  5.1
Dodging        | 5 6 7 |  7.8
Stealth        | 5 6 7 |  7.5
Spellcasting   | 8 9 |  9.5

Action                   |  1- 3 |  4- 6 |  7- 9 | 10-12 || total
-------------------------+-------+-------+-------+-------++-------
Melee: Unarmed           |     9 |       |       |     5 ||    14
       Quarterstaff      |       |    24 |    10 |       ||    34
       Bite              |       |     2 |     8 |    14 ||    24
       Spear             |       |       |    75 |   101 ||   176
       Staff             |       |       |       |    41 ||    41
       Punch             |       |       |       |     3 ||     3
 Cast: Magic Dart        |    93 |   136 |   270 |   392 ||   891
       Mephitic Cloud    |       |     7 |    36 |    57 ||   100
       Confuse           |       |     2 |     2 |     6 ||    10
       Conjure Flame     |       |       |    15 |    22 ||    37
       Call Imp          |       |       |     3 |     8 ||    11
       Blink             |       |       |     1 |     7 ||     8
Invok: Curse Item        |       |       |       |     2 ||     2
Evoke: Wand              |       |       |     1 |       ||     1
  Use: Scroll            |       |     9 |     5 |     6 ||    20
       Potion            |       |       |       |     3 ||     3
 Stab: Sleeping          |     1 |       |     2 |     3 ||     6
       Confused          |       |     1 |     9 |     6 ||    16
       Distracted        |       |       |       |     1 ||     1
       Invisible         |       |       |       |     3 ||     3
  Eat: Chunk             |     1 |     7 |    10 |     6 ||    24
       Ration            |       |       |       |     2 ||     2
Armor: Robe              |     6 |    17 |    27 |    38 ||    88
       Steam dragon scal |       |       |       |    45 ||    45
       Ring mail         |       |       |       |     1 ||     1
Dodge: Dodged            |     9 |    40 |   120 |   221 ||   390
Block: Buckler           |       |       |       |    10 ||    10
       Other             |       |       |       |     1 ||     1
